 Dungeon Crawl Stone Soup version 0.20-a0-689-g860b9ab (webtiles) character file.

78 Laan the Covered (level 4, -1/28 HPs)
             Began as a Gargoyle Fighter on Feb 19, 2017.
             Killed from afar by Natasha (7 damage)
             ... with a magic dart
             ... on level 2 of the Dungeon.
             The game lasted 00:00:50 (646 turns).

Laan the Covered (Gargoyle Fighter)                  Turns: 646, Time: 00:00:51

Health: -1/28      AC: 10    Str: 21    XL:     4   Next: 36%
Magic:  4/4        EV:  7    Int:  8    God:
Gold:   34         SH:  9    Dex:  9    Spells: 3/3 levels left

rFire    . . .     SeeInvis .   a - +0 war axe
rCold    . . .     Gourm    .   b - +0 scale mail
rNeg     + . .     Faith    .   c - +0 shield
rPois    ∞         Spirit   .   (no helmet)
rElec    +         Reflect  .   (no cloak)
rCorr    .         Harm     .   (no gloves)
MR       .....                  (no boots)
Stlth    ..........             (no amulet)
Regen    0.1/turn               (no ring)
MPRegen  0.1/turn               (no ring)

@: slowed, very slow
A: negative energy resistance 1, electricity resistance, unbreathing,
petrification resistance, rot immunity, AC +3
a: no special abilities


You were on level 2 of the Dungeon.
You were not hungry.

You visited 1 branch of the dungeon, and saw 2 of its levels.

You collected 34 gold pieces.

Inventory:

Hand Weapons
 a - a +0 war axe (weapon)
Armour
 b - a +0 scale mail (worn)
 c - a +0 shield (worn)
Jewellery
 j - a +3 ring of dexterity {unknown}
Scrolls
 e - 2 scrolls of identify {unknown}
 h - a scroll of recharging {unknown}
 i - a scroll of remove curse {unknown}
Potions
 d - a potion of might
Comestibles
 f - a bread ration
 g - 8 chunks of flesh


   Skills:
 - Level 3.2 Fighting
 * Level 3.1 Axes
 + Level 4.0 Armour
 + Level 3.8 Shields


You had 3 spell levels left.
You didn't know any spells.

Dungeon Overview and Level Annotations

Branches:
Dungeon (2/15)

Altars:

Annotations:
D:2 Natasha


Innate Abilities, Weirdness & Mutations

You are resistant to torment.
Your stone body is resilient. (AC +3)
You are immune to poison.
You resist negative energy. (rN+)
You are resistant to electric shocks. (rElec)
You can survive without breathing.
You are immune to petrification.
You are immune to rotting.


Message History

You are too injured to fight recklessly!
You feel yourself speed up.
Natasha hisses angrily.
Natasha drinks a potion.
Natasha suddenly seems more agile.
You barely miss Natasha.
Natasha claws you but does no damage. x2
You miss Natasha. Natasha casts a spell at you. The magic dart hits you!
You closely miss Natasha.
Natasha howls an incantation.
You feel disoriented. You block Natasha's attack. x2
You closely miss Natasha.
Natasha stares at you and mumbles some strange words.
You feel yourself slow down.
You miss Natasha. Natasha claws you.
* * * LOW HITPOINT WARNING * * *
Natasha casts a spell at you. The magic dart hits you!
You die...

#####
##########..$
#.......##.#####.#
#. #..(.......# #.
####..#..#.#.$ #.
#..h@.#..#
#.##.##.##†.....§.
#.#......##.###.##
#........# .#
###..###.# ..
#....#.# ...
#.##.#<# ...
#......# ....
####..##


You could see Natasha.

Vanquished Creatures
  Natasha (twice) (D:2)
  2 adders (D:2)
  A giant cockroach (D:2)
  4 goblins
  A hobgoblin (D:1)
  A bat (D:2)
  A kobold (D:2)
  A rat (D:2)
13 creatures vanquished.

Notes
Turn   | Place    | Note
-------+----------+-------------------------------------------
     0 | D:1      | Laan the Gargoyle Fighter began the quest for the Orb.
     0 | D:1      | Reached XP level 1. HP: 14/14 MP: 1/1
   533 | D:2      | Noticed Natasha
   538 | D:2      | Killed Natasha
   538 | D:2      | Reached XP level 2. HP: 15/19 MP: 2/2
   538 | D:2      | Reached XP level 3. HP: 19/23 MP: 3/3
   614 | D:2      | Noticed Natasha
   623 | D:2      | Killed Natasha
   623 | D:2      | Reached skill level 4 in Armour
   623 | D:2      | Reached XP level 4. HP: 9/28 MP: 4/4
   641 | D:2      | Noticed Natasha
   646 | D:2      | Killed from afar by Natasha

Vault maps used:
D:1:      dpeg_arrival_pond, minmay_curled_crystal
D:2:      first_bread, uniq_natasha, uniq_iyjb, uniq_terence

Skill      XL: |  1  2  3 |
---------------+----------+-----
Axes           | 2 3 |  3.1
Armour         | 4 |  4.0
Fighting       | |  3.2
Shields        | |  3.8

Action                   |  1- 3 |  4- 6 || total
-------------------------+-------+-------++-------
Melee: War axe           |    53 |     5 ||    58
Armor: Scale mail        |    32 |     2 ||    34
Dodge: Dodged            |    19 |       ||    19
Block: Shield            |    24 |     2 ||    26
